Map: Ruins of Seras

Players

HeroMarine

  • Race: Terran Terran
  • League: Grandmaster

ShoWTimE - Winner!

  • Race: Protoss Protoss
  • League: Master

Event: Homestory Cup XII

VOD

Have the link to the VOD?

Description

Time

  • Played on: Dec. 19, 2015, 8:08 a.m.
  • Length: 10:46

All games in this series

Show
View Real Time Build Order
Export as new Build Order

HeroMarine Terran 

Build Orders: Command Center First (CC), MMM Bio 

Get SALT Encoding   

  12  0:00  SCV  
  13  0:12  SCV  
  14  0:18  Supply Depot  
  14  0:24  SCV  
  15  0:40  SCV  
  16  0:52  SCV  
  17  1:01  Command Center  
  17  1:04  SCV  
  18  1:15  Barracks  
  18  1:18  SCV  
  19  1:29  Barracks  
  19  1:31  SCV  
  20  1:43  SCV  
  20  1:45  Barracks  
  21  2:02  Orbital Command, Marine  
  22  2:13  Orbital Command  
  22  2:15  Marine  
  22  2:20  Marine  
  24  2:24  Refinery  
  24  2:26  Refinery  
  24  2:28  SCV  
  25  2:33  Marine x2  
  27  2:38  Marine  
  27  2:43  Bunker  
  28  2:45  SCV  
  28  2:46  SCV  
  29  2:52  Marine  
  29  2:55  Marine  
  29  2:58  SCV  
  33  2:59  SCV  
  33  3:02  Barracks Tech Lab  
  33  3:10  SCV  
  33  3:11  SCV  
  33  3:12  Marine  
  35  3:13  Marine  
  36  3:22  SCV  
  36  3:23  SCV  
  36  3:24  Stimpack  
  38  3:35  SCV, Marine  
  38  3:36  SCV, Supply Depot  
  41  3:43  Factory  
  41  3:48  SCV x2, Marine  
  44  3:52  Marine  
  43  4:00  SCV x2  
  45  4:09  Engineering Bay, Marine  
  45  4:10  Marine  
  45  4:12  SCV x2, Marine  
  49  4:20  Supply Depot  
  46  4:24  SCV  
  46  4:27  Marine  
  46  4:28  SCV, Marine  
  44  4:36  SCV  
  45  4:39  Missile Turret  
  45  4:43  Marine  
  45  4:44  SCV  
  45  4:45  Marine  
  48  4:47  Marine  
  48  4:49  SCV  
  50  4:57  Terran Infantry Weapons Level 1, SCV  
  51  5:00  Marine  
  51  5:01  SCV  
  53  5:09  Barracks Reactor  
  53  5:10  SCV  
  53  5:11  Barracks Reactor, Starport, Factory Reactor  
  53  5:13  SCV  
  55  5:15  Refinery  
  55  5:16  Missile Turret  
  57  5:22  SCV  
  57  5:25  Combat Shields, SCV, Marauder  
  59  5:29  Supply Depot  
  59  5:31  Supply Depot  
  59  5:34  SCV  
  60  5:37  SCV  
  61  5:47  SCV  
  62  5:50  SCV, Barracks  
  62  5:52  Supply Depot  
  62  5:54  Barracks  
  62  5:55  Medivac  
  62  5:56  Medivac  
  67  5:59  SCV  
  67  6:04  Marine x3  
  69  6:08  Factory Reactor  
  69  6:09  SCV  
  69  6:11  Refinery  
  72  6:13  Supply Depot  
  72  6:20  Supply Depot, Marauder  
  72  6:23  Marine  
  72  6:24  Marine  
  76  6:25  Medivac  
  76  6:28  Medivac  
  80  6:34  Marine x2  
  80  6:38  Barracks Tech Lab  
  82  6:42  Marauder  
  84  6:47  Command Center  
  84  6:50  Barracks Tech Lab, Widow Mine  
  84  6:53  Widow Mine  
  88  6:58  Terran Infantry Armor Level 1  
  90  7:03  Marauder  
  89  7:15  Marauder x2  
  93  7:16  Marine, Medivac  
  93  7:18  Widow Mine  
  93  7:19  Marine  
  93  7:20  Marine  
  93  7:21  Widow Mine  
  102  7:31  Marine, Marauder  
  102  7:33  Medivac  
  102  7:37  Supply Depot  
  102  7:38  Marauder x2  
  102  7:42  Marine x2  
  104  7:44  Marine  
  104  7:48  Widow Mine  
  104  7:49  Marine  
  108  7:51  Widow Mine  
  108  7:56  Supply Depot  
  108  7:57  Supply Depot  
  110  7:58  Medivac  
  110  7:59  Marauder x2  
  110  8:01  Orbital Command  
  110  8:02  Concussive Shells  
  110  8:03  Marine  
  116  8:08  Marine, Marauder  
  116  8:11  Marine x2  
  121  8:20  Marine, Marauder  
  121  8:22  Marine  
  121  8:26  Marine  
  121  8:29  Marauder, Marine  
  121  8:31  Marine  
  123  8:36  Orbital Command  
  123  8:38  Marauder  
  123  8:40  Marine  
  123  8:41  Marauder  
  123  8:43  Marine, Widow Mine x2  
  123  8:46  Marine  
  123  8:48  SCV  
  132  8:49  SCV  
  132  8:50  Marauder  
  120  9:00  SCV, Marauder, Marine x2  
  120  9:01  SCV  
  123  9:03  Marauder, Marine  
  122  9:14  SCV x3  
  122  9:15  Marine x2  
  122  9:19  Marine  
  122  9:20  Medivac  
  125  9:26  SCV  
  125  9:29  Medivac  
  125  9:30  Marine  
  129  9:32  SCV  
  129  9:34  SCV  
  129  9:38  SCV  
  132  9:40  Supply Depot  
  132  9:42  Marauder  
  132  9:43  Marine  
  132  9:44  SCV, Marine  
  132  9:45  Marine  
  131  9:47  SCV  
  131  9:50  SCV, Viking  
  131  9:52  Marine x2  
  135  9:56  SCV  
  135  9:59  Widow Mine  
  138  10:00  Widow Mine  
  138  10:04  Marauder  
  144  10:07  Medivac  
  144  10:08  Marine x2  
  144  10:12  Marauder  
  144  10:13  Marine  
  141  10:14  Marine  
  141  10:16  Marauder  
  141  10:21  SCV x3  
  123  10:25  Marine  
  123  10:26  Marine  
Show
View Real Time Build Order
Export as new Build Order

ShoWTimE Protoss - Winner!

Build Orders: 1 Gate Expand, Oracle Opening 

Get SALT Encoding   

  12  0:00  Probe (Chrono Boost)  
  13  0:11  Probe (Chrono Boost)  
  14  0:18  Pylon  
  14  0:22  Probe (Chrono Boost)  
  15  0:36  Probe (Chrono Boost), Gateway  
  15  0:42  Assimilator  
  16  0:47  Probe (Chrono Boost)  
  17  0:57  Probe (Chrono Boost)  
  18  1:08  Probe (Chrono Boost)  
  19  1:24  Nexus  
  19  1:36  Cybernetics Core  
  19  1:39  Probe (Chrono Boost)  
  20  1:45  Assimilator  
  20  1:50  Probe (Chrono Boost)  
  21  1:57  Pylon  
  21  2:00  Probe (Chrono Boost)  
  22  2:15  Adept (Chrono Boost)  
  26  2:16  Mothership Core (Chrono Boost)  
  26  2:17  Warp Gate  
  26  2:34  Probe (Chrono Boost)  
  27  2:39  Probe  
  27  2:42  Adept (Chrono Boost)  
  30  2:46  Probe  
  30  2:49  Probe  
  32  2:54  Stargate  
  32  2:58  Probe  
  33  3:00  Probe  
  34  3:10  Probe x2  
  36  3:14  Pylon  
  36  3:18  Pylon  
  35  3:21  Probe  
  35  3:22  Probe  
  37  3:32  Probe  
  38  3:34  Probe  
  38  3:36  Adept (Chrono Boost)  
  38  3:37  Oracle (Chrono Boost)  
  38  3:38  Pylon  
  44  3:42  Probe  
  44  3:46  Probe  
  46  3:49  Pylon  
  46  3:55  Probe  
  46  3:58  Probe  
  46  4:04  Adept  
  46  4:05  Probe  
  47  4:10  Probe  
  47  4:15  Nexus  
  47  4:16  Probe  
  48  4:22  Oracle (Chrono Boost)  
  52  4:24  Probe  
  52  4:26  Probe  
  54  4:36  Probe  
  54  4:37  Probe  
  54  4:38  Gateway  
  55  4:42  Gateway  
  55  4:44  Twilight Council  
  56  4:47  Probe  
  56  4:49  Probe  
  58  4:53  Pylon  
  58  4:59  Forge  
  58  5:02  Probe  
  58  5:03  Probe  
  58  5:04  Pylon  
  60  5:08  Assimilator  
  60  5:09  Assimilator  
  60  5:13  Probe  
  60  5:18  Resonating Glaives (Chrono Boost)  
  60  5:19  Gateway  
  60  5:20  Gateway  
  61  5:27  Phoenix (Chrono Boost)  
  61  5:28  Probe x2  
  64  5:31  Probe  
  66  5:40  Probe x2, Protoss Ground Weapons Level 1 (Chrono Boost)  
  66  5:41  Probe  
  68  5:43  Adept x2  
  68  5:44  Adept  
  68  5:49  Phoenix  
  75  5:52  Probe  
  78  5:58  Robotics Facility  
  78  6:00  Probe  
  78  6:02  Probe  
  80  6:06  Pylon  
  80  6:12  Phoenix  
  80  6:14  Gateway  
  80  6:16  Gateway  
  80  6:18  Sentry  
  84  6:19  Adept  
  84  6:21  Probe x2  
  88  6:26  Adept x2  
  88  6:29  Adept  
  88  6:30  Probe  
  95  6:33  Phoenix  
  95  6:38  Pylon  
  97  6:44  Gateway  
  97  6:46  Gateway  
  91  6:49  Adept x2  
  95  6:55  Phoenix  
  95  6:57  Adept, Pylon  
  95  7:00  Adept  
  95  7:01  Adept  
  103  7:14  Warp Prism  
  105  7:17  Phoenix  
  105  7:19  Adept x3  
  112  7:27  Protoss Ground Weapons Level 2  
  110  7:46  Pylon  
  110  7:47  Pylon  
  110  7:50  Pylon  
  110  7:57  Pylon  
  110  8:00  Pylon, Phoenix  
  110  8:01  Nexus, Pylon  
  110  8:04  Observer  
  111  8:14  Adept x7  
  111  8:15  Adept x2  
  129  8:22  Phoenix  
  119  8:42  Adept x6  
  119  8:43  Adept x3  
  119  8:44  Phoenix  
  139  8:52  Pylon  
  139  8:54  Pylon  
  125  9:05  Phoenix  
  125  9:07  Adept x3  
  125  9:08  Adept x3  
  125  9:09  Adept x3  
  141  9:15  Probe x2  
  127  9:23  Observer  
  128  9:31  Probe  
  128  9:32  Adept x3  
  128  9:33  Adept x3  
  128  9:34  Adept  
  128  9:36  Probe  
  144  9:38  Pylon  
  144  9:39  Probe  
  144  9:43  Pylon  
  145  9:49  Probe  
  145  9:50  Probe x2  
  145  9:51  Probe  
  143  9:53  Assimilator  
  143  9:54  Assimilator  
  143  9:57  Stalker x4  
  143  9:59  Adept  
  153  10:02  Probe, Adept  
  138  10:31  Adept x6  
  138  10:32  Adept x3  
  138  10:33  Probe x2  
Tags
 
Add a new tag
Caveats
  • Supply blocks, unpowered buildings, or Contaminate may cause inaccurate times.
  • Supply counts are checked every 10 seconds.